 Dungeon Crawl Stone Soup version 0.23.0 (webtiles) character file.

Game seed: 8810138315033701748

55 grindst0ne the Cutter (level 4, -6/29 HPs)
             Began as a Kobold Berserker on Feb 13, 2019.
             Was a Believer of Trog.
             Mangled by a gnoll
             ... wielding a +0 spear
              (8 damage)
             ... on level 2 of the Dungeon.
             The game lasted 00:02:49 (934 turns).

grindst0ne the Cutter (Kobold Berserker)             Turns: 934, Time: 00:02:51

Health: -6/29      AC:  3    Str: 15    XL:     4   Next: 14%
Magic:  4/4        EV: 20    Int:  8    God:    Trog [**....]
Gold:   67         SH:  0    Dex: 19    Spells: 3/3 levels left

rFire    . . .     SeeInvis .   a - +0 short sword
rCold    . . .     Gourm    .   (shield restricted)
rNeg     . . .     Faith    .   b - +0 animal skin
rPois    .         Spirit   .   (no helmet)
rElec    .         Reflect  .   (no cloak)
rCorr    .         Harm     .   k - +0 pair of gloves
MR       .....                  (no boots)
Stlth    +++.......             (no amulet)
HPRegen  0.09/turn              (no ring)
MPRegen  0.09/turn              (no ring)

@: agile, berserk cooldown, slowed, very slow
A: small, carnivore
a: Berserk, Trog's Hand, Renounce Religion


You were on level 2 of the Dungeon.
You worshipped Trog.
Trog was pleased with you.
You were completely stuffed.

You visited 1 branch of the dungeon, and saw 2 of its levels.

You collected 67 gold pieces.

Inventory:

Hand Weapons
 a - a +0 short sword (weapon)
Armour
 b - a +0 animal skin (worn)
 k - a +0 pair of gloves (worn)
Scrolls
 e - a scroll of identify {unknown}
 f - a scroll of amnesia
 g - a scroll of random uselessness {unknown}
Potions
 h - a potion of agility
 i - 2 potions of heal wounds {unknown}
 j - a potion of flight {unknown}
Comestibles
 c - 3 rations


   Skills:
 + Level 4.3 Fighting
 + Level 5.2 Short Blades
 - Level 1.5 Armour
 - Level 2.4 Dodging


You had 3 spell levels left.
You didn't know any spells.
Your spell library was empty.

Dungeon Overview and Level Annotations

Branches:
Dungeon (2/15)

Altars:

Annotations:
D:2 Sigmund, Terence


Innate Abilities, Weirdness & Mutations

You are small and have problems with some larger weapons.
You are carnivorous and can eat meat at any time.


Message History

The gnoll hits you with a +0 spear.
You're too confused to move!
The gnoll barely misses you. x2
The gnoll hits you with a +0 spear!
Terence the Incautious comes into view.
He is wielding a +3 hand axe of flaming.
The gnoll barely misses you. The gnoll hits you with a +0 spear.
* * * LOW HITPOINT WARNING * * *
The gnoll closely misses you.
You're too confused!
It was a potion of berserk rage.
You're still recovering from your berserk rage.
You feel less confused.
Terence shouts!
The gnoll barely misses you. The gnoll hits you with a +0 spear.
* * * LOW HITPOINT WARNING * * *
The gnoll hits you but does no damage.
It was a potion of agility.
You feel agile all of a sudden. The gnoll misses you.
The gnoll closely misses you. The gnoll misses you.
The gnoll closely misses you. The gnoll hits you with a +0 spear!
You die...

#...≈≈≈≈........##'
#..P..≈.........##.
#.(###.........÷.#.
#####...>.......####.#.
#........#.............
+........+.............
#........#..###.#.###..
#.##+##'####..###.#......
+.......@g........# ####.
####.##g####..###.. .. #
#g.g# ..# .. .@........
.. @..#........
....#.##..###.. .....#.#
..# . ##'##.# # ..# #.
#.#


You could see Sigmund, Terence and 3 gnolls.

Vanquished Creatures
  A gnoll (D:2)
  An ooze (D:1)
  2 dart slugs (D:1)
  A leopard gecko (D:1)
  5 bats
  A bat zombie (D:2)
  2 goblins (D:1)
  5 hobgoblins
  3 jackals (D:1)
  6 kobolds
  3 frilled lizards (D:1)
  5 rats
35 creatures vanquished.

Notes
Turn   | Place    | Note
-------+----------+-------------------------------------------
     0 | D:1      | grindst0ne the Kobold Berserker began the quest for the
                  | Orb.
     0 | D:1      | Reached XP level 1. HP: 14/14 MP: 1/1
    72 | D:1      | Reached XP level 2. HP: 18/19 MP: 2/2
   169 | D:1      | Reached XP level 3. HP: 22/24 MP: 3/3
   455 | D:1      | Reached skill level 5 in Short Blades
   494 | D:1      | Reached ** piety under Trog
   914 | D:2      | Reached XP level 4. HP: 29/29 MP: 4/4
   928 | D:2      | Noticed Sigmund
   932 | D:2      | Noticed Terence
   934 | D:2      | Mangled by a gnoll

Skill      XL: |  1  2  3 |
---------------+----------+-----
Fighting       | 4 |  4.3
Short Blades   | 5 |  5.2
Armour         | |  1.5
Dodging        | |  2.4

Action                   |  1- 3 |  4- 6 || total
-------------------------+-------+-------++-------
Melee: Short sword       |    78 |     7 ||    85
Invok: Berserk           |     2 |       ||     2
  Use: Scroll            |     1 |     1 ||     2
       Potion            |       |     2 ||     2
 Stab: Sleeping          |     3 |       ||     3
  Eat: Chunk             |     9 |     1 ||    10
Armor: Animal skin       |     7 |     2 ||     9
Dodge: Dodged            |    57 |    13 ||    70
